BSA
GREENVILLE 84S @ AUSTIN RIVER SHARKS
04/25/2028
 
TOP OF THE 1ST
Greenville 84s batting - Pitching for Austin River Sharks : RHP William Bryan
Pitching: RHP William Bryan
Batting: RHB Dan Hooper 0-0: Ground out 5-3 (Groundball, 56)
Batting: LHB Robert Moore 0-0: Swinging Strike
0-1: Ball
1-1: Swinging Strike
1-2: Ground out 4-3 (Groundball, 4)
Batting: RHB Enzo Díaz 0-0: Foul Ball, location: 2F
0-1: Called Strike
0-2: Foul Ball, location: 2F
0-2: Ball
1-2: Ball
2-2: SINGLE (Flyball, 89S)
Batting: LHB Brock Larsen 0-0: Swinging Strike
0-1: SINGLE (Groundball, 4MD)
Enzo Díaz to second
Runner from 2nd tries for 3rd, SAFE, no throw
Batting: LHB Paco Rosas 0-0: Ball
1-0: Ball
2-0: Called Strike
2-1: Ball
3-1: Base on Balls
Brock Larsen to second
Batting: LHB Jimmy Vickers 0-0: DOUBLE (Line Drive, 9LM)
Enzo Díaz scores
Brock Larsen scores
Paco Rosas to third
Runner from 3rd tries for Home, SAFE, no throw
Batting: RHB Felipe Rodríguez 0-0: Ball
1-0: Ball
2-0: Swinging Strike
2-1: Ball
3-1: Base on Balls
Batting: RHB Robert Buckley 0-0: Foul Ball, location: 2F
0-1: Ball
1-1: Ball
2-1: Swinging Strike
2-2: Strikes out swinging
Top of the 1st over - 3 run(s), 3 hit(s), 0 error(s), 2 left on base; Greenville 3 - Austin 0
BOTTOM OF THE 1ST
Austin River Sharks batting - Pitching for Greenville 84s : RHP Tomás González
Pitching: RHP Tomás González
Batting: LHB Enrico Vargas 0-0: Ball
1-0: Ground out 4-3 (Groundball, 4)
Batting: RHB Richard Coker 0-0: Ball
1-0: Foul Ball, location: 2F
1-1: Ball
2-1: Fly out, F9 (Flyball, 89M)
Batting: LHB Greg Nelson 0-0: Ball
1-0: Ground out 5-3 (Groundball, 56S)
Bottom of the 1st over - 0 run(s), 0 hit(s), 0 error(s), 0 left on base; Greenville 3 - Austin 0
TOP OF THE 2ND
Greenville 84s batting - Pitching for Austin River Sharks : RHP William Bryan
Batting: RHB Vic Langlois 0-0: Ground out 4-3 (Groundball, 4S)
Batting: RHB Dan Hooper 0-0: Called Strike
0-1: Fly out, F9 (Flyball, 9D)
Batting: LHB Robert Moore 0-0: Ball
1-0: Called Strike
1-1: Ball
2-1: Foul Ball, location: 2F
2-2: Foul Ball, location: 2F
2-2: Strikes out looking
Top of the 2nd over - 0 run(s), 0 hit(s), 0 error(s), 0 left on base; Greenville 3 - Austin 0
BOTTOM OF THE 2ND
Austin River Sharks batting - Pitching for Greenville 84s : RHP Tomás González
Batting: RHB Manny Copriviza 0-0: Ball
1-0: Ball
2-0: Ground out 3-1 (Groundball, 34S)
Batting: RHB Carlos Guzmán 0-0: Fly out, F2 (Popup, 2R)
Batting: LHB José Liñares 0-0: Called Strike
0-1: Foul Ball, location: 2F
0-2: Ball
1-2: Strikes out swinging
Bottom of the 2nd over - 0 run(s), 0 hit(s), 0 error(s), 0 left on base; Greenville 3 - Austin 0
TOP OF THE 3RD
Greenville 84s batting - Pitching for Austin River Sharks : RHP William Bryan
Batting: RHB Enzo Díaz 0-0: Foul Ball, location: 2F
0-1: Called Strike
0-2: Ball
1-2: Strikes out swinging
Batting: LHB Brock Larsen 0-0: Ball
1-0: Ball
2-0: Ball
3-0: Base on Balls
Batting: LHB Paco Rosas 0-0: Foul Ball, location: 2F
0-1: Ball
1-1: Ball
2-1: Foul Ball, location: 2F
2-2: Foul Ball, location: 2F
2-2: Ball
3-2: Foul Ball, location: 2F
3-2: Fly out, F9 (Flyball, 89S)
Batting: LHB Jimmy Vickers 0-0: Called Strike
0-1: Ground out 1-3 (Groundball, 15S)
Top of the 3rd over - 0 run(s), 0 hit(s), 0 error(s), 1 left on base; Greenville 3 - Austin 0
BOTTOM OF THE 3RD
Austin River Sharks batting - Pitching for Greenville 84s : RHP Tomás González
Batting: LHB Harry Pitts 0-0: Ball
1-0: Ball
2-0: Foul Ball, location: 2F
2-1: Called Strike
2-2: Ball
3-2: Foul Ball, location: 2F
3-2: Fly out, F1 (Line Drive, 13)
Batting: RHB Eric Neal 0-0: Ground out 6-3 (Groundball, 6)
Batting: RHB Teddy Bates 0-0: Ball
1-0: Ball
2-0: SINGLE (Line Drive, 9LS)
Batting: LHB Enrico Vargas 0-0: Swinging Strike
0-1: Swinging Strike
0-2: Ball
1-2: Ground out 4-3 (Groundball, 4M)
Bottom of the 3rd over - 0 run(s), 1 hit(s), 0 error(s), 1 left on base; Greenville 3 - Austin 0
TOP OF THE 4TH
Greenville 84s batting - Pitching for Austin River Sharks : RHP William Bryan
Batting: RHB Felipe Rodríguez 0-0: Ball
1-0: Foul Ball, location: 2F
1-1: SINGLE (Flyball, 9LS)
Batting: RHB Robert Buckley 0-0: Fly out, F8 (Flyball, 8RM)
Batting: RHB Vic Langlois 0-0: Called Strike
0-1: Called Strike
0-2: Strikes out looking
Batting: RHB Dan Hooper 0-0: Ground out 1-3 (Groundball, 15S)
Top of the 4th over - 0 run(s), 1 hit(s), 0 error(s), 1 left on base; Greenville 3 - Austin 0
BOTTOM OF THE 4TH
Austin River Sharks batting - Pitching for Greenville 84s : RHP Tomás González
Batting: RHB Richard Coker 0-0: Ground out 4-3 (Groundball, 4MS)
Batting: LHB Greg Nelson 0-0: DOUBLE (Flyball, 8LXD)
Batting: RHB Manny Copriviza 0-0: DOUBLE (Flyball, 89M)
Greg Nelson scores
Batting: RHB Carlos Guzmán 0-0: Foul Ball, location: 2F
0-1: Ball
1-1: Ball
2-1: Ground out 6-3 (Groundball, 56)
Batting: LHB José Liñares 0-0: Ground out 6-3 (Groundball, 6)
Bottom of the 4th over - 1 run(s), 2 hit(s), 0 error(s), 1 left on base; Greenville 3 - Austin 1
TOP OF THE 5TH
Greenville 84s batting - Pitching for Austin River Sharks : RHP William Bryan
Batting: LHB Robert Moore 0-0: Ball
1-0: SINGLE (Line Drive, 78S)
Batting: RHB Enzo Díaz 0-0: Fly out, F4 (Line Drive, 4)
Batting: LHB Brock Larsen 0-0: Called Strike
0-1: Ball
1-1: Ball
Wild Pitch!
Robert Moore to second
2-1: Ball
3-1: Swinging Strike
3-2: Foul Ball, location: 2F
3-2: Foul Ball, location: 2F
3-2: SINGLE (Groundball, 34D)
Robert Moore to third
Runner from 3rd tries for Home, SAFE, no throw
Pitching: RHP Tatsuzo Harada
Batting: LHB Paco Rosas 0-0: Ball
1-0: Foul Ball, location: 2F
1-1: Called Strike
1-2: Ball
2-2: Foul Ball, location: 2F
2-2: Foul Ball, location: 2F
2-2: Foul Ball, location: 2F
2-2: Ball
3-2: Strikes out swinging
Batting: LHB Jimmy Vickers 0-0: Called Strike
Brock Larsen is caught stealing 2nd base
Top of the 5th over - 1 run(s), 2 hit(s), 0 error(s), 0 left on base; Greenville 4 - Austin 1
BOTTOM OF THE 5TH
Austin River Sharks batting - Pitching for Greenville 84s : RHP Tomás González
Batting: LHB Harry Pitts 0-0: Ball
1-0: Called Strike
1-1: Swinging Strike
1-2: Ground out 6-3 (Groundball, 6)
Batting: RHB Eric Neal 0-0: Swinging Strike
0-1: Called Strike
0-2: Ground out 6-3 (Groundball, 6)
Batting: RHB Teddy Bates 0-0: Ball
1-0: Ground out 6-3 (Groundball, 56)
Bottom of the 5th over - 0 run(s), 0 hit(s), 0 error(s), 0 left on base; Greenville 4 - Austin 1
TOP OF THE 6TH
Greenville 84s batting - Pitching for Austin River Sharks : RHP Tatsuzo Harada
Batting: LHB Jimmy Vickers 0-0: Called Strike
0-1: SOLO HOME RUN (Flyball, 89XD), Distance : 383 ft
Batting: RHB Felipe Rodríguez 0-0: Foul Ball, location: 2F
0-1: Ball
1-1: Ball
2-1: Swinging Strike
2-2: Foul Ball, location: 2F
2-2: Fly out, F5 (Line Drive, 56)
Batting: RHB Robert Buckley 0-0: Called Strike
0-1: Swinging Strike
0-2: Ball
1-2: Foul Ball, location: 2F
1-2: Foul Ball, location: 2F
1-2: Foul Ball, location: 2F
1-2: Foul Ball, location: 2F
1-2: Foul Ball, location: 2F
1-2: Ball
2-2: Strikes out swinging, 2-3 out at first.
Batting: RHB Vic Langlois 0-0: Ball
1-0: Called Strike
1-1: Foul Ball, location: 2F
1-2: Ball
2-2: Ball
3-2: Foul Ball, location: 2F
3-2: Strikes out swinging
Top of the 6th over - 1 run(s), 1 hit(s), 0 error(s), 0 left on base; Greenville 5 - Austin 1
BOTTOM OF THE 6TH
Austin River Sharks batting - Pitching for Greenville 84s : RHP Tomás González
Batting: LHB Enrico Vargas 0-0: Called Strike
0-1: Ball
1-1: Foul Ball, location: 2F
1-2: Ball
2-2: Fly out, F9 (Flyball, 89M)
Batting: RHB Richard Coker 0-0: Ball
1-0: Foul Ball, location: 2F
1-1: Swinging Strike
1-2: Ball
2-2: Strikes out looking
Batting: LHB Greg Nelson 0-0: Ball
1-0: Ball
2-0: Called Strike
2-1: Ground out U3 (Groundball, 3L)
Bottom of the 6th over - 0 run(s), 0 hit(s), 0 error(s), 0 left on base; Greenville 5 - Austin 1
TOP OF THE 7TH
Greenville 84s batting - Pitching for Austin River Sharks : RHP Tatsuzo Harada
Pitching: LHP António Bueno
Batting: RHB Dan Hooper 0-0: Foul Ball, location: 2F
0-1: Foul Ball, location: 2F
0-2: Foul Ball, location: 2F
0-2: Ball
1-2: Ball
2-2: SINGLE (Groundball, 34D)
Batting: LHB Robert Moore 0-0: Fly out, F4 (Popup, 4D)
Batting: RHB Enzo Díaz 0-0: Called Strike
0-1: Fly out, F8 (Flyball, 8LS)
Batting: LHB Brock Larsen 0-0: Swinging Strike
0-1: Swinging Strike
0-2: Strikes out swinging
Top of the 7th over - 0 run(s), 1 hit(s), 0 error(s), 1 left on base; Greenville 5 - Austin 1
BOTTOM OF THE 7TH
Austin River Sharks batting - Pitching for Greenville 84s : RHP Tomás González
Batting: RHB Manny Copriviza 0-0: Called Strike
0-1: Foul Ball, location: 2F
0-2: Ball
1-2: Ball
2-2: Foul Ball, location: 2F
2-2: Ball
3-2: SINGLE (Line Drive, 4MD)
Batting: RHB Carlos Guzmán 0-0: Ball
Pickoff Throw to First - Out!
1-0: Fly out, F2 (Popup, 25)
Batting: LHB José Liñares 0-0: Ball
1-0: Called Strike
1-1: Foul Ball, location: 2F
1-2: Ground out 5-3 (Groundball, 56)
Bottom of the 7th over - 0 run(s), 1 hit(s), 0 error(s), 0 left on base; Greenville 5 - Austin 1
TOP OF THE 8TH
Greenville 84s batting - Pitching for Austin River Sharks : LHP António Bueno
Batting: LHB Paco Rosas 0-0: Ball
1-0: Ball
2-0: Swinging Strike
2-1: Foul Ball, location: 2F
2-2: Ball
3-2: SINGLE (Flyball, 89S)
Batting: LHB Jimmy Vickers 0-0: Sac Bunt - play at first, batter OUT! 3-4
Paco Rosas to second
Batting: RHB Felipe Rodríguez 0-0: Ball
1-0: Called Strike
1-1: Ball
2-1: Ball
3-1: Base on Balls
Batting: RHB Robert Buckley 0-0: Foul Ball, location: 2F
0-1: Ball
1-1: Foul Ball, location: 2F
1-2: Ball
2-2: Fly out, F7 (Flyball, 7S)
Batting: RHB Vic Langlois 0-0: Called Strike
0-1: Swinging Strike
0-2: Foul Ball, location: 2F
0-2: Foul Ball, location: 2F
0-2: Ball
1-2: Ball
2-2: Strikes out looking
Top of the 8th over - 0 run(s), 1 hit(s), 0 error(s), 2 left on base; Greenville 5 - Austin 1
BOTTOM OF THE 8TH
Austin River Sharks batting - Pitching for Greenville 84s : RHP Tomás González
Batting: LHB Harry Pitts 0-0: Ground out 6-3 (Groundball, 6)
Batting: RHB Eric Neal 0-0: Ground out 5-3 (Groundball, 5)
Batting: RHB Teddy Bates 0-0: Called Strike
0-1: Foul Ball, location: 2F
0-2: Ball
1-2: Ball
2-2: Ground out 1-3 (Groundball, 13S)
Bottom of the 8th over - 0 run(s), 0 hit(s), 0 error(s), 0 left on base; Greenville 5 - Austin 1
TOP OF THE 9TH
Greenville 84s batting - Pitching for Austin River Sharks : LHP António Bueno
Batting: RHB Dan Hooper 0-0: Ball
1-0: Called Strike
1-1: Called Strike
1-2: Strikes out looking
Batting: LHB Robert Moore 0-0: Ball
1-0: Ball
2-0: Ball
3-0: Called Strike
3-1: Ground out 4-3 (Groundball, 4M)
Batting: RHB Enzo Díaz 0-0: Swinging Strike
0-1: Ball
1-1: Called Strike
1-2: Foul Ball, location: 2F
1-2: Foul Ball, location: 2F
1-2: SINGLE (Groundball, 34D)
Pitching: RHP Jean Burrows
Batting: LHB Brock Larsen 0-0: Called Strike
0-1: Ball
1-1: Ground out 4-3 (Groundball, 34D)
Top of the 9th over - 0 run(s), 1 hit(s), 0 error(s), 1 left on base; Greenville 5 - Austin 1
BOTTOM OF THE 9TH
Austin River Sharks batting - Pitching for Greenville 84s : RHP Tomás González
Pitching: LHP Francisco Ríos
Batting: LHB Enrico Vargas 0-0: Ball
1-0: Ball
2-0: Called Strike
2-1: Swinging Strike
2-2: Foul Ball, location: 2F
2-2: Ground out 4-3 (Groundball, 4M)
Batting: RHB Richard Coker 0-0: Foul Ball, location: 2F
0-1: Ball
1-1: Ball
2-1: Swinging Strike
2-2: SINGLE (Groundball, 34D)
Batting: LHB Greg Nelson 0-0: Called Strike
0-1: Foul Ball, location: 2F
0-2: Ball
1-2: Foul Ball, location: 2F
1-2: Foul Ball, location: 2F
1-2: 2-RUN HOME RUN (Flyball, 89XD), Distance : 393 ft
Pitching: RHP Paco Ruíz
Batting: RHB Manny Copriviza 0-0: Called Strike
0-1: SOLO HOME RUN (Line Drive, 7LD), Distance : 365 ft
Batting: RHB Carlos Guzmán 0-0: Ball
1-0: Called Strike
1-1: Foul Ball, location: 2F
1-2: Ground out 6-3 (Groundball, 6)
Batting: LHB José Liñares 0-0: Foul Ball, location: 2F
0-1: Ball
1-1: Ground out 4-3 (Groundball, 4)
Bottom of the 9th over - 3 run(s), 3 hit(s), 0 error(s), 0 left on base; Greenville 5 - Austin 4
Tuesday, August 8th, 2017 - OOTP Baseball 17.12 Build 75